 Dungeon Crawl Stone Soup version 0.28.0-53-g5a82cb258f (webtiles) character file.

Game seed: 7978435607808977463

49 worthlessgem the Changer (level 3, -2/22 HPs)
             Began as a Felid Transmuter on Aug 23, 2022.
             Slain by a scorpion (3 damage)
             ... on level 5 of the Dungeon.
             The game lasted 00:19:16 (3614 turns).

worthlessgem the Changer (Felid Transmuter)         Turns: 3614, Time: 00:19:17

Health: -2/22      AC:  1    Str:  4 (6)  XL:     3   Next: 53%
Magic:  7/7        EV: 17    Int: 15 (16) God:
Gold:   143        SH:  0    Dex: 15 (16) Spells: 2/6 levels left
                                        Lives:  0   Deaths: 1

rFire   . . .      SeeInvis +     - Unarmed
rCold   . . .      Faith    .   (shield unavailable)
rNeg    . . .      Spirit   .   (armour unavailable)
rPois   .          Reflect  .   (helmet unavailable)
rElec   .          Harm     .   (cloak unavailable)
rCorr   .          Rampage  .   (gloves unavailable)
Will    .....                   (boots unavailable)
Stlth   ..........              o - amulet of magic regeneration
HPRegen 0.07/turn               m - ring of wizardry
MPRegen 0.50/turn               (no ring)

@: berserking, very quick
A: very small, claws 1, fangs 3, see invisible, speed 1, shaggy fur 1, stealthy
paws, no weapons or thrown items, no armour, multi-lived
a: no special abilities


You were on level 5 of the Dungeon.
You visited 1 branch of the dungeon, and saw 5 of its levels.

You collected 143 gold pieces.

Inventory:

Missiles
 c - 32 stones
Jewellery
 m - a ring of wizardry (left paw)
 o - an amulet of magic regeneration (around neck)
Wands
 n - a wand of digging (5)
Scrolls
 f - a scroll of acquirement {unknown}
 g - a scroll of teleportation
 h - a scroll of magic mapping {unknown}
 i - 2 scrolls of vulnerability {unknown}
 k - 5 scrolls of identify {unknown}
Potions
 a - a potion of degeneration
 b - a potion of haste {unknown}
 d - a potion of mutation {unknown}
 e - a potion of berserk rage
 j - a potion of heal wounds {unknown}
 l - a potion of flight {unknown}


   Skills:
 + Level 1.3 Fighting
 - Level 2.6 Dodging
 - Level 3.0 Unarmed Combat
 - Level 2.0 Spellcasting
 - Level 5.1 Transmutations


You had 2 spell levels left.
You knew the following spells:

 Your Spells              Type           Power      Damage    Failure   Level
a - Beastly Appendage     Tmut           32%        N/A       1%          1
b - Spider Form           Tmut/Pois      9%         N/A       10%         3

Your spell library contained the following spells:

 Spells                   Type           Power      Damage    Failure   Level
 Wereblood                Tmut           16%        N/A       1%          2
 Passwall                 Tmut/Erth      7%         N/A       4%          2
 Sandblast                Erth           2%         2d4       9%          1
 Stone Arrow              Conj/Erth      2%         3d7       26%         3
 Ice Form                 Ice/Tmut       9%         N/A       30%         4


Dungeon Overview and Level Annotations

Branches:
Dungeon (5/15)
 Temple: D:4-7

Altars:

Annotations:
D:4 exclusion: scorpion


Innate Abilities, Weirdness & Mutations

You have sharp claws.
You have razor-sharp teeth.
You have supernaturally acute eyesight. (SInv)
You cover ground quickly. (Speed+)
You are covered in fur. (AC +1)
Your paws help you pounce on unaware monsters.
You are incapable of wielding weapons or throwing items.
You cannot wear armour.
You gain extra lives every three experience levels.


Message History

An orc priest comes into view. It is wielding a +0 dagger.
You open the door.
An orc and a scorpion zombie come into view.
The orc shouts!
You hear a shout!
The orc moves out of view.
An orc wizard comes into view. It is wielding a +0 dagger.
The orc wizard moves out of view.
A scorpion comes into view.
Casting: Spider Form (extremely dangerous; 9% risk of failure)
Confirm with . or Enter, or press ? or * to list all spells.
Okay, then.
Okay, then.
Casting: Spider Form (extremely dangerous; 9% risk of failure)
Confirm with . or Enter, or press ? or * to list all spells.
You grow a pair of large bovine horns.
You scratch the scorpion. You headbutt the scorpion.
The scorpion is lightly wounded.
The scorpion stings you but does no damage.
The scorpion stings you.
You scratch the scorpion but do no damage.
The scorpion is lightly wounded.
The scorpion barely misses you.
You scratch the scorpion but do no damage.
The scorpion is lightly wounded.
The scorpion stings you!
A scorpion comes into view.
Found a pair of boots.
Your transformation is almost over.
The kobold shouts!
You hear a shout!
Your horns disappear.
Okay, then.
It was a potion of degeneration.
There was something very wrong with that liquid.
You feel weakened.
You feel dopey.
You feel clumsy. The scorpion stings you. The orc hits you with a +0 hand axe.
* * * LOW HITPOINT WARNING * * *
It was a potion of berserk rage.
A red film seems to cover your vision as you go berserk!
You feel yourself moving faster!
You feel mighty! The scorpion stings you.
You die...

##### ^...# #### #)# ########
#... #.# #......### #.## #
#.#########.####.#.## #.#
###.>.Ks...##.####...>########.##
.....#####.##.#.@s..>............
####.#####K##.#o##....########.#.
# #.##.....s.s.##.#.## #.#. #
#.##.##.##K####s#.# #... #
#.##.##.##..s...#.# ###. #
#o##.##.#########+## #. #
#.......###### #...# #. #
####.........##..... #.
#######.##.####.#...... ##


You could see 2 scorpions, an orc and a kobold.

Vanquished Creatures
  An orc wizard (D:4)
  An adder (D:4)
  15 orcs
  A ball python (D:2)
  2 endoplasms
  A giant cockroach (D:1)
  3 goblins
  3 hobgoblins
  3 jackals (D:2)
  A quokka (D:1)
  7 frilled lizards
  6 kobolds
  4 rats (D:1)
48 creatures vanquished.

Notes
Turn   | Place    | Note
-------+----------+-------------------------------------------
     0 | D:1      | worthlessgem the Felid Transmuter began the quest for the
                  | Orb.
     0 | D:1      | Reached XP level 1. HP: 9/9 MP: 4/4
   133 | D:1      | Reached skill level 3 in Transmutations
   158 | D:1      | Reached XP level 2. HP: 12/12 MP: 4/6
  1122 | D:2      | Reached XP level 3. HP: 8/15 MP: 5/7
  1297 | D:1      | Learned a level 3 spell: Spider Form
  1316 | D:2      | You fall into a shaft and drop 2 floors!
  1571 | D:3      | Reached skill level 4 in Transmutations
  2321 | D:4      | Reached XP level 4. HP: 11/19 MP: 5/8
  2520 | D:4      | Noticed a scorpion
  2758 | D:4      | Identified the +0 robe of Pantheism {rF+ rCorr}
  2871 | D:3      | Noticed a great orb of eyes
  2881 | D:3      | Reached skill level 5 in Transmutations
  3014 | D:3      | Found a faded altar of an unknown god.
  3016 | D:3      | Noticed an eye of devastation
  3016 | D:3      | Noticed a shining eye
  3016 | D:3      | Noticed a shining eye
  3044 | D:5      | Entered Level 5 of the Dungeon
  3182 | D:5      | Noticed a kobold brigand
  3274 | D:5      | Shot with a bolt by a kobold
  3275 | D:5      | Reached XP level 3. HP: -5/15 MP: 7/7
  3548 | D:5      | Noticed a scorpion
  3565 | D:5      | Noticed a scorpion
  3614 | D:5      | Slain by a scorpion

Illustrated notes

Levels and vault maps discovered:
D:1:      minmay_arrival_open_corners, layout_basic, minmay_misc_feat_chi
D:2:      layout_loops_ring, uniq_natasha
D:3:      cheibrodos_thug_alley, layout_basic,
          hellmonk_ecumenical_altar_watching_god
D:4:      layout_loops_ring
D:5:      layout_loops_corners

Skill      XL: |  1  2  3  4 |
---------------+-------------+-----
Transmutations | 3 4 5 |  5.1
Fighting       | |  1.3
Dodging        | |  2.6
Unarmed Combat | |  3.0
Spellcasting   | |  2.0

Action                   |  1- 3 |  4- 6 || total
-------------------------+-------+-------++-------
Melee: Unarmed           |   102 |    16 ||   118
       Bite              |     5 |       ||     5
       Headbutt          |    10 |     3 ||    13
       Punch             |     2 |     1 ||     3
 Cast: Beastly Appendage |    18 |     6 ||    24
       Spider Form       |     4 |     2 ||     6
  Use: Potion            |     2 |       ||     2
       Scroll            |     1 |       ||     1
 Stab: Sleeping          |     1 |       ||     1
Armor: Skin              |     3 |       ||     3
Dodge: Dodged            |    70 |     7 ||    77
